 Dungeon Crawl Stone Soup version 0.22.1-2-g9c5b331 (webtiles) character file.

1887 systemy the Cleaver (level 8, -15/65 HPs)
             Began as a Minotaur Berserker on Jan 5, 2019.
             Was an Elder of Trog.
             Demolished by a two-headed ogre
             ... wielding a +0 giant club
              (17 damage)
             ... on level 6 of the Dungeon.
             The game lasted 00:11:17 (5256 turns).

systemy the Cleaver (Minotaur Berserker)            Turns: 5256, Time: 00:11:19

Health: -15/65     AC:  6    Str: 25      XL:     8   Next: 92%
Magic:  7/7        EV: 12    Int:  4      God:    Trog [****..]
Gold:   477        SH:  0    Dex:  8 (9)  Spells: 7/7 levels left

rFire    + . .     SeeInvis .   f - +2 hand axe (freeze)
rCold    . . .     Gourm    .   (no shield)
rNeg     . . .     Faith    .   j - +0 ring mail
rPois    +         Spirit   .   (helmet restricted)
rElec    .         Reflect  .   n - +1 cloak {rPois}
rCorr    .         Harm     .   (no gloves)
MR       .....                  (no boots)
Stlth    +.........             (no amulet)
HPRegen  0.20/turn              (no ring)
MPRegen  0.10/turn              (no ring)

@: no status effects
A: retaliatory headbutt, horns 2, deformed body, fire resistance 1, frail 1
a: Berserk, Trog's Hand, Brothers in Arms, Renounce Religion


You were on level 6 of the Dungeon.
You worshipped Trog.
Trog was greatly pleased with you.
You were hungry.

You visited 1 branch of the dungeon, and saw 6 of its levels.
You also visited: Ossuary.

You collected 477 gold pieces.

Inventory:

Hand Weapons
 a - a +1 hand axe
 f - a +2 hand axe of freezing (weapon)
Armour
 b - a +0 animal skin
 j - a +0 ring mail (worn)
 n - a +1 cloak of poison resistance (worn)
 o - a +0 pair of gloves
Jewellery
 z - an uncursed ring of flight {unknown}
Scrolls
 d - a scroll of immolation
 e - a scroll of fear
 i - 2 scrolls of teleportation
 k - 2 scrolls of remove curse
 l - 6 scrolls of identify
 r - a scroll of noise
 s - a scroll of enchant weapon
 u - a scroll of fog
 x - a scroll of amnesia
 y - a scroll of summoning
Potions
 g - a potion of curing
 h - a potion of heal wounds
 m - a potion of flight
 p - a potion of lignification {unknown}
 q - a potion of agility {unknown}
 t - 2 potions of haste
 v - a potion of brilliance {unknown}
 w - 5 potions of might
Comestibles
 c - 6 rations


   Skills:
 + Level 7.2 Fighting
 + Level 9.8 Axes
 + Level 6.4 Armour
 + Level 4.5 Dodging
 + Level 2.4 Stealth


You had 7 spell levels left.
You didn't know any spells.
Your spell library was empty.

Dungeon Overview and Level Annotations

Branches:
Dungeon (6/15)             Temple (0/1) D:6

Altars:
Ashenzari
Fedhas
Gozag
Ru
Sif Muna
Trog

Shops:
D:4 :


Innate Abilities, Weirdness & Mutations

You reflexively headbutt those who attack you in melee.
You have a pair of horns on your head.
Armour fits poorly on your strangely shaped body.
Your flesh is heat resistant. (rF+)
You are frail. (-10% HP)


Message History

The two-headed ogre is moderately wounded.
You hit the two-headed ogre. You freeze the two-headed ogre.
Your headbutt misses the two-headed ogre.
The two-headed ogre is moderately wounded.
The two-headed ogre misses you. The two-headed ogre closely misses you.
An orc wizard comes into view. It is wielding a dagger.
The orc wizard shouts!
You hit the two-headed ogre. You freeze the two-headed ogre.
The two-headed ogre is heavily wounded.
You hit the two-headed ogre. You freeze the two-headed ogre.
The two-headed ogre is heavily wounded.
The two-headed ogre closely misses you.
The two-headed ogre hits you with a giant club!!
You barely miss the two-headed ogre.
Your headbutt misses the two-headed ogre.
The two-headed ogre is heavily wounded.
The two-headed ogre hits you with a giant club!!
* * * LOW HITPOINT WARNING * * *
The two-headed ogre hits you with a giant club!
You die...

#. .. #.# .## .. #.
... .. #.. #.# #.# .#
#.# #.# #.#..# ##.#
#.# #.# #.....##..#
#.# #.# #.?.# #.# #.#
# #...#####.###.####
#@#...............
#.FO########.....####
##<# #.###.# #. #.#
#.# . #.# #.# .. #.#
#.# oP #.# #.# ..$
#.. ... ### #.#


You could see a two-headed ogre, a bullfrog and an orc wizard.

Vanquished Creatures
  Sigmund (D:2)
  Duvessa (D:4)
  An ice beast (D:5)
  2 eyes of draining (D:3)
  2 sky beasts (D:5)
  A phantom (D:4)
  An ogre (D:5)
  2 centaurs
  Dowan (D:4)
  2 scorpions
  A howler monkey (D:2)
  A quasit (D:6)
  A bullfrog skeleton (D:5)
  Crazy Yiuf (D:2)
  2 orc priests
  An iguana (D:5)
  4 orc wizards
  2 hound skeletons (D:5)
  8 mummies (Ossuary)
  Robin (D:2)
  4 gnolls
  5 adders
  2 shadow imps (D:5)
  An ooze (D:2)
  An adder skeleton (D:4)
  2 dart slugs (D:1)
  4 leopard geckos
  20 orcs
  9 bats
  7 giant cockroaches
  17 goblins
  6 hobgoblins
  8 jackals
  2 quokkas
  2 ball pythons (D:1)
  11 frilled lizards
  2 hobgoblin zombies (Ossuary)
  7 kobolds
  3 kobold zombies (Ossuary)
  3 orc zombies (Ossuary)
  A quokka skeleton (D:5)
  5 rats
158 creatures vanquished.

Vanquished Creatures (others)
  7 plants (D:5)
7 creatures vanquished.

Grand Total: 165 creatures vanquished

Notes
Turn   | Place    | Note
-------+----------+-------------------------------------------
     0 | D:1      | systemy the Minotaur Berserker began the quest for the Orb.
     0 | D:1      | Reached XP level 1. HP: 19/19 MP: 0/0
   137 | D:1      | Reached XP level 2. HP: 26/27 MP: 1/1
   273 | D:1      | Reached skill level 4 in Axes
   725 | D:2      | Reached ** piety under Trog
   743 | D:2      | Noticed Sigmund
   743 | D:2      | Noticed a howler monkey
   747 | D:2      | Reached XP level 3. HP: 33/33 MP: 2/2
   756 | D:2      | Killed Sigmund
   756 | D:2      | Reached skill level 5 in Fighting
   756 | D:2      | Reached skill level 5 in Axes
   756 | D:2      | Reached XP level 4. HP: 39/42 MP: 3/3
   756 | D:2      | Reached XP level 5. HP: 45/48 MP: 4/4
   877 | D:2      | Found an opulent altar of Gozag.
  1023 | D:2      | Found a deep blue altar of Sif Muna.
  1086 | D:2      | Noticed Robin
  1107 | D:2      | Killed Robin
  1174 | D:2      | Found a runed door.
  1293 | D:2      | Noticed Crazy Yiuf
  1303 | D:2      | Killed Crazy Yiuf
  1303 | D:2      | Reached skill level 1 in Stealth
  1303 | D:2      | Reached XP level 6. HP: 26/56 MP: 5/5
  1927 | D:3      | Found a bloodstained altar of Trog.
  1938 | D:3      | Reached skill level 6 in Axes
  1971 | D:3      | Reached *** piety under Trog
  1971 | D:3      | Reached XP level 7. HP: 58/62 MP: 2/6
  2567 | D:4      | Noticed Duvessa
  2567 | D:4      | Noticed Dowan
  2572 | D:4      | Killed Duvessa
  2572 | D:4      | Reached skill level 7 in Axes
  2572 | D:4      | Reached skill level 5 in Armour
  2575 | D:4      | Killed Dowan
  2630 | D:4      | Found Yzokoud's Book Shop.
  2686 | D:4      | Found a sand-covered staircase.
  2692 | Ossuary  | Entered an ossuary
  3202 | D:4      | Found a sacrificial altar of Ru.
  3317 | D:4      | Reached skill level 8 in Axes
  3317 | D:4      | Reached XP level 8. HP: 52/70 MP: 7/7
  3774 | D:4      | Found a shattered altar of Ashenzari.
  3844 | D:4      | Gained mutation: You are frail. (-10% HP) [potion of
                  | mutation]
  3844 | D:4      | Gained mutation: Armour fits poorly on your strangely
                  | shaped body. [potion of mutation]
  3844 | D:4      | Gained mutation: Your flesh is heat resistant. (rF+)
                  | [potion of mutation]
  3900 | D:5      | Entered Level 5 of the Dungeon
  4235 | D:5      | Reached skill level 9 in Axes
  4374 | D:5      | Reached **** piety under Trog
  4385 | D:5      | Found a sacrificial altar of Ru.
  4550 | D:5      | Found a blossoming altar of Fedhas.
  5242 | D:6      | Found a staircase to the Ecumenical Temple.
  5243 | D:6      | Noticed a two-headed ogre
  5256 | D:6      | HP: 2/65 [two-headed ogre/giant club (21)]
  5256 | D:6      | Demolished by a two-headed ogre

Skill      XL: |  1  2  3  4  5  6  7  8 |
---------------+-------------------------+-----
Fighting       | 4 5 6 7 |  7.2
Axes           | 4 5 6 8 9 |  9.8
Armour         | 3 4 5 6 |  6.4
Dodging        | 3 4 |  4.5
Stealth        | 1 2 |  2.4

Action                   |  1- 3 |  4- 6 |  7- 9 || total
-------------------------+-------+-------+-------++-------
Melee: Hand axe          |    53 |    96 |   225 ||   374
       Headbutt          |     7 |    16 |    40 ||    63
Invok: Berserk           |     1 |     1 |     3 ||     5
       Trog's Hand       |       |     1 |     1 ||     2
  Use: Scroll            |       |       |    10 ||    10
       Potion            |       |       |     6 ||     6
 Stab: Sleeping          |     1 |       |       ||     1
       Invisible         |       |     2 |       ||     2
  Eat: Chunk             |       |     5 |    10 ||    15
       Ration            |       |       |     1 ||     1
Armor: Animal skin       |    16 |       |       ||    16
       Ring mail         |     3 |    25 |    89 ||   117
Dodge: Dodged            |    40 |    72 |   136 ||   248
